Map: Sueño eterno EE

Players

Postre - Winner!

  • Race: Terran Terran
  • League: Silver
  • Spawn Location: 7:00

MrFercho

  • Race: Zerg Zerg
  • League: Silver
  • Spawn Location: 1:00

VOD

Have the link to the VOD?

Description

Time

  • Played on: June 13, 2020, 10:39 a.m.
  • Length: 17:00
Show
View Real Time Build Order
Export as new Build Order

Postre Terran - Winner!

Build Orders:  

Get SALT Encoding   

  12  0:05  SCV  
  13  0:17  SCV  
  13  0:19  Supply Depot  
  14  0:29  SCV  
  15  0:41  SCV  
  16  0:46  Barracks  
  16  0:53  SCV  
  16  0:56  Refinery  
  17  1:05  SCV  
  18  1:18  SCV  
  19  1:30  SCV  
  20  1:36  Supply Depot  
  20  1:43  Reaper  
  21  1:54  Command Center  
  21  1:55  Orbital Command  
  21  2:16  Marine  
  21  2:22  Refinery  
  22  2:24  SCV  
  22  2:27  Factory  
  23  2:34  Marine  
  23  2:36  SCV  
  25  2:48  SCV  
  26  2:52  Marine  
  27  3:00  SCV  
  28  3:10  Marine  
  28  3:21  SCV  
  29  3:27  Marine  
  29  3:30  Bunker  
  29  3:33  SCV  
  29  3:34  Factory Tech Lab  
  31  3:41  SCV  
  31  3:45  Marine, SCV  
  34  3:53  SCV  
  35  3:57  SCV  
  35  3:58  Siege Tank  
  39  4:03  Marine  
  39  4:05  SCV, Refinery  
  39  4:09  SCV  
  42  4:13  Armory  
  42  4:21  Marine, SCV  
  42  4:23  Factory  
  44  4:33  SCV  
  45  4:39  Marine  
  45  4:44  Supply Depot  
  46  4:46  Supply Depot  
  46  5:05  Marine, SCV, Siege Tank  
  51  5:08  Supply Depot  
  51  5:12  Factory Tech Lab  
  51  5:21  Supply Depot  
  51  5:23  Supply Depot  
  51  5:24  SCV  
  52  5:36  SCV  
  53  5:49  Thor  
  59  5:53  Thor  
  65  6:01  Terran Vehicle And Ship Armor Level 1  
  65  6:10  Refinery, SCV  
  66  6:22  SCV  
  65  6:37  Marine  
  66  6:55  Marine  
  64  7:15  Marine  
  55  7:22  Starport  
  56  7:27  Siege Tank x2  
  62  7:33  Marine  
  63  7:41  SCV  
  64  7:51  Marine  
  64  7:54  SCV  
  64  7:55  Terran Vehicle Weapons Level 1  
  66  8:06  SCV  
  66  8:09  Marine  
  66  8:12  Medivac  
  70  8:16  Supply Depot  
  70  8:17  Siege Tank  
  70  8:19  Thor  
  79  8:26  Marine  
  80  8:44  Marine  
  80  8:47  Medivac  
  83  9:02  Marine  
  84  9:27  Siege Tank  
  87  9:46  Marine  
  88  9:53  Terran Vehicle And Ship Armor Level 2  
  88  9:55  Viking  
  88  9:59  Siege Tank  
  93  10:03  Marine  
  91  10:25  Viking  
  92  10:47  Supply Depot  
  92  10:53  Thor  
  98  11:21  Orbital Command  
  93  11:36  Thor  
  99  11:49  Marine  
  100  12:04  Medivac  
  100  12:06  Marine  
  103  12:24  Marine  
  104  12:34  Medivac  
  106  12:42  Marine  
  101  13:00  Marine  
  101  13:03  Medivac  
  104  13:08  Thor  
  110  13:36  Marine  
  110  14:08  Supply Depot  
  110  14:12  Thor, Marine  
Show
View Real Time Build Order
Export as new Build Order

MrFercho Zerg 

Build Orders: Hatch First 

Get SALT Encoding   

  12  0:01  Drone  
  13  0:32  Overlord  
  13  0:34  Drone  
  14  0:50  Drone x2  
  14  0:51  Hatchery  
  15  1:00  Drone  
  16  1:06  Drone  
  17  1:25  Spawning Pool, Drone  
  17  1:26  Drone  
  18  1:37  Drone  
  19  1:42  Extractor  
  18  1:51  Drone  
  19  1:58  Drone  
  20  2:03  Overlord  
  20  2:11  Drone  
  20  2:14  Queen x2  
  25  2:15  Drone  
  26  2:24  Drone  
  26  2:26  Drone  
  28  2:34  Drone  
  29  2:44  Drone x2  
  29  2:46  Drone  
  31  2:54  Spine Crawler  
  29  3:06  Lair  
  29  3:13  Drone x4  
  33  3:20  Extractor  
  33  3:21  Drone x2  
  34  3:31  Roach Warren  
  34  3:32  Drone x2  
  34  3:33  Evolution Chamber  
  34  3:35  Drone  
  35  3:47  Drone  
  36  3:48  Overlord  
  36  4:06  Drone  
  36  4:07  Drone  
  38  4:18  Extractor  
  38  4:21  Drone x7  
  38  4:23  Overlord  
  44  4:25  Glial Reconstitution  
  44  4:27  Zerg Missile Weapons Level 1  
  44  4:31  Hatchery  
  44  4:37  Hydralisk Den  
  42  4:48  Roach  
  42  4:49  Roach x2  
  42  4:51  Spine Crawler x2  
  46  4:57  Drone, Roach  
  49  5:00  Overlord  
  49  5:18  Overlord x2  
  49  5:19  Overlord  
  51  5:21  Roach  
  51  5:38  Overseer  
  51  5:48  Drone  
  51  5:49  Drone x4  
  56  5:53  Hatchery  
  55  6:08  Evolution Chamber  
  55  6:09  Extractor  
  55  6:11  Roach x4  
  53  6:33  Roach x11  
  73  6:50  Zerg Ground Armor Level 1  
  73  6:51  Zerg Missile Weapons Level 2  
  59  7:26  Drone x9  
  59  7:27  Drone x7  
  59  7:28  Hatchery  
  74  7:30  Hatchery  
  73  7:44  Hatchery  
  73  7:45  Infestation Pit  
  71  8:12  Spore Crawler  
  70  8:13  Overseer  
  70  8:22  Spore Crawler  
  70  8:24  Grooved Spines  
  70  8:26  Overlord x15, Spore Crawler  
  68  8:49  Extractor  
  68  8:51  Queen  
  68  8:53  Extractor  
  68  8:54  Queen  
  70  8:56  Queen  
  70  9:01  Drone x12  
  84  9:10  Hydralisk x3  
  84  9:13  Hydralisk  
  92  9:27  Hydralisk x4  
  92  9:28  Hydralisk  
  102  9:35  Muscular Augments, Zerg Ground Armor Level 2  
  102  9:41  Hive  
  102  9:50  Spine Crawler  
  102  9:51  Spine Crawler  
  89  10:01  Hydralisk  
  89  10:02  Hydralisk x5  
  70  10:34  Hydralisk x7  
  70  10:35  Extractor, Spine Crawler  
  80  10:38  Extractor  
  80  10:40  Spine Crawler  
  78  10:54  Hydralisk x6  
  90  11:17  Drone x15  
  76  11:37  Zerg Missile Weapons Level 3  
  76  11:39  Spire  
  75  11:41  Hydralisk x3  
  75  11:42  Hydralisk  
  83  12:07  Spire  
  75  12:38  Hatchery  
  74  12:57  Mutalisk x12  
  88  13:17  Mutalisk x3  
  94  13:26  Mutalisk x2  
  70  13:54  Queen  
  72  13:56  Zerg Flyer Weapons Level 1  
  72  14:00  Zerg Flyer Armor Level 1  
  70  14:05  Drone x2  
  62  14:35  Mutalisk x6  
  64  14:42  Lair  
  63  14:49  Spawning Pool  
  40  15:31  Hatchery  
  40  15:35  Hatchery  
  38  15:41  Hydralisk Den, Mutalisk x5  
  46  15:46  Zergling x2  
  45  15:52  Drone x3  
  48  16:12  Hydralisk x3  
  49  16:31  Hydralisk x2  
Tags
 
Matchup
TvZ
Replay Pack
MrFercho
Spawn Locations
Cross Positions
Add a new tag
Caveats
  • Supply blocks, unpowered buildings, or Contaminate may cause inaccurate times.
  • Supply counts are checked every 10 seconds.